 Dungeon Crawl Stone Soup version 0.31-a0-152-g6aa68a64a1 (webtiles) character file.

Game seed: 8471650036295973684

33 comborobin the Sneak (level 3, -1/22 HPs)
             Began as a Deep Elf Delver on June 10, 2023.
             Slain by an adder (3 damage)
             ... on level 2 of the Dungeon.
             The game lasted 00:01:49 (453 turns).

comborobin the Sneak (Deep Elf Delver)               Turns: 453, Time: 00:01:50

Health: -1/22      AC:  3    Str:  9    XL:     3   Next: 12%
Magic:  5/5        EV: 12    Int: 14    God:
Gold:   25         SH:  0    Dex: 18    Spells: 2/2 levels left

rFire   . . .        a - +0 short sword
rCold   . . .        (no shield)
rNeg    . . .        b - +0 leather armour
rPois   .            (no helmet)
rElec   .            (no cloak)
rCorr   .            (no gloves)
SInv    .            (no boots)
Will    .....        (no amulet)
Stlth   +++          (no ring)
HPRegen 0.23/turn    (no ring)
MPRegen 0.09/turn

%: no passive effects
@: lethally poisoned (-1 -> -6)
A: no striking features
a: no special abilities


You were on level 2 of the Dungeon.
You visited 1 branch of the dungeon, and saw 5 of its levels.

You collected 25 gold pieces.

Inventory:

Hand Weapons
 a - a +0 short sword (weapon)
Missiles
 e - 7 poisoned darts
Armour
 b - a +0 leather armour (worn)
 d - a +0 helmet
 g - a +0 pair of gloves
Scrolls
 c - a scroll of fog
 f - a scroll of identify


   Skills:
 - Level 2.4 Fighting
 - Level 2.9 Short Blades
 + Level 2.5 Ranged Weapons
 - Level 2.4 Dodging
 - Level 6.0 Stealth


You had 2 spell levels left.
You didn't know any spells.
Your spell library was empty.

Dungeon Overview and Level Annotations

Branches:
Dungeon (6/15)
 Temple: D:4-7

Altars:


Message History

The adder is lightly wounded.
You feel sick. The adder closely misses you.
You hit the adder but do no damage.
The adder is lightly wounded.
You feel sick. The adder closely misses you.
You hit the adder but do no damage.
The adder is lightly wounded.
You feel sick. The adder bites you.
You barely miss the adder.
The adder is lightly wounded.
You feel sick. The adder barely misses you.
You closely miss the adder.
The adder is lightly wounded.
The adder completely misses you.
You hit the adder.
The adder is moderately wounded.
You feel sick. The adder bites you.
You are more poisoned.
The adder poisons you! The adder misses you.
You miss the adder.
The adder is moderately wounded.
You feel sick. The adder misses you.
You are too injured to fight recklessly!
You hit the adder.
The adder is heavily wounded.
You feel sick. The adder bites you.
* * * LOW HITPOINT WARNING * * *
You are lethally poisoned!
The adder poisons you!
You are too injured to fight recklessly!
You closely miss the adder.
The adder is heavily wounded.
* * * LOW HITPOINT WARNING * * *
You feel sick. The adder bites you but does no damage.
You aren't carrying any potions.
You hit the adder.
The adder is almost dead.
* * * LOW HITPOINT WARNING * * *
You feel sick. The adder bites you.
You die...

#....? #..#. ...
#.# #######+# #.#
. .....#.## #.# .
#.......# #.#
.##.##.#..# #S#
....##....## #@#
..#....#...#####.#
....##...........#
.##.##.#..########
.##.##.##.#
..>.......#
###########


You could see an adder.

Vanquished Creatures
  2 adders (D:3)
  2 orcs (D:3)
  A bat (D:3)
  3 endoplasms
  A goblin (D:3)
  2 kobolds (D:3)
  A ball python (D:3)
12 creatures vanquished.

Notes
Turn   | Place    | Note
-------+----------+-------------------------------------------
     0 | D:5      | comborobin the Deep Elf Delver began the quest for the Orb.
     0 | D:5      | Reached XP level 1. HP: 13/13 MP: 3/3
    48 | D:4      | Noticed a jelly
    61 | D:4      | Noticed a jelly
   201 | D:4      | Noticed a hound
   227 | D:3      | Reached XP level 2. HP: 18/18 MP: 4/4
   266 | D:3      | Reached skill level 1 in Ranged Weapons
   391 | D:3      | Reached XP level 3. HP: 22/22 MP: 5/5
   453 | D:2      | Slain by an adder

Illustrated notes

Levels and vault maps discovered:
D:2:      layout_loops_corners, serial_shops, nicolae_shop_real_fake_doors,
          uniq_crazy_yiuf_cottage
D:3:      layout_basic
D:4:      layout_layer_cave, grunt_decor_fettered, skrybe_limestone_x,
          hangedman_decor_opposing
D:5:      layout_basic, uniq_menkaure
D:6:      layout_loops_ring, minmay_temple_entry_offerings, grunt_ministairs_11,
          lightli_minifort, uniq_prince_ribbit1, uniq_pikel, uniq_maggie

Skill      XL: |  1  2 |
---------------+-------+-----
Ranged Weapons | 2 |  2.5
Fighting       | |  2.4
Short Blades   | |  2.9
Dodging        | |  2.4
Stealth        | |  6.0

Action                     || total
---------------------------++-------
  Melee: Short sword       ||    53
  Evoke: Wand              ||     3
    Use: Potion            ||     4
         Scroll            ||     3
   Stab: Sleeping          ||     2
 Armour: Leather armour    ||    18
  Dodge: Dodged            ||    46

Table legend: (Time is in decaauts)
 A = Elapsed time spent in this place.
 B = Non-inter-level travel time spent in this place.
 C = Inter-level travel time spent in this place.
 D = Time resting spent in this place.
 E = Time spent auto-exploring this place.
 F = Levels seen in this place.
 G = Mean time per level.
                   A        B        C        D        E       F      G
               +--------+--------+--------+--------+--------+-----+--------+
         Total |    435 |    413 |     22 |     63 |     90 |   5 |   87.0 |
       Dungeon |    435 |    413 |     22 |     63 |     90 |   5 |   87.0 |
               +--------+--------+--------+--------+--------+-----+--------+

Top non-repeatable levels by time:
     D:3: 202 daAuts
     D:4: 148 daAuts
     D:2: 45 daAuts
     D:5: 26 daAuts
     D:6: 13 daAuts
